 Dungeon Crawl Stone Soup version 0.22-a0-422-g9628fc8 (webtiles) character file.

85 4thArraOfDagon the Magician (level 4, -18/30 HPs)
             Began as a Mummy Fire Elementalist on May 16, 2018.
             Blown up by Pikel (21 damage)
             ... with a wand of disintegration (13)
             ... on level 4 of the Dungeon.
             The game lasted 00:02:58 (1148 turns).

4thArraOfDagon the Magician (MuFE)                  Turns: 1148, Time: 00:02:58

Health: -18/30     AC:  2    Str: 11    XL:     4   Next: 25%
Magic:  2/9        EV: 12    Int: 15    God:
Gold:   22         SH:  0    Dex: 12    Spells: 1/9 levels left

rFire    x . .     SeeInvis .   d - -1 dagger (curse)
rCold    + . .     Gourm    .   (no shield)
rNeg     + + +     Faith    .   a - +0 robe
rPois    ∞         Spirit   .   (no helmet)
rElec    .         Reflect  .   (no cloak)
rCorr    .         Harm     .   (no gloves)
MR       .....                  (no boots)
Stlth    ++........             (no amulet)
HPRegen  0.10/turn              (no ring)
MPRegen  0.11/turn              (no ring)

@: very slightly contaminated
A: no food or potions, fire vulnerability, cold resistance 1, negative energy
resistance 3, torment resistance, unbreathing
a: no special abilities


You were on level 4 of the Dungeon.
You were not hungry.

You visited 1 branch of the dungeon, and saw 6 of its levels.

You collected 22 gold pieces.

Inventory:

Hand Weapons
 c - a +0 mace
 d - a cursed -1 dagger (weapon)
 e - a +4 vampiric spear
Armour
 a - a +0 robe (worn)
Wands
 b - a wand of clouds (4)


   Skills:
 - Level 1.5 Dodging
 - Level 1.5 Stealth
 + Level 3.4 Spellcasting
 * Level 2.1 Conjurations
 * Level 3.2 Fire Magic


You had one spell level left.
You knew the following spells:

 Your Spells              Type           Power        Failure   Level  Hunger
a - Flame Tongue          Conj/Fire      ##...        6%          1    N/A
b - Conjure Flame         Conj/Fire      ##......     19%         3    N/A
c - Sticky Flame          Conj/Fire      ##......     52%         4    N/A

Your spell library contained the following spells:

 Spells                   Type           Power        Failure   Level  Hunger
 Fireball                 Conj/Fire      ##........   86%         5    N/A
 Throw Flame              Conj/Fire      ##....       10%         2    N/A
 Inner Flame              Hex/Fire       #.......     30%         3    N/A

Dungeon Overview and Level Annotations

Branches:
Dungeon (6/15)
 Temple: D:4-7

Altars:
Hepliaklqana

Annotations:
D:4 Dowan, Duvessa, Pikel


Innate Abilities, Weirdness & Mutations

You do not eat or drink.
Your flesh is vulnerable to fire.
You are immune to poison.
Your flesh is cold resistant. (rC+)
You are immune to negative energy. (rN+++)
You are immune to unholy pain and torment.
You can survive without breathing.


Message History

Pikel is engulfed in poison gas.
Pikel looks even sicker.
The slave is engulfed in poison gas.
The slave looks even sicker. x2
The slave is engulfed in poison gas.
The slave looks as sick as possible!
Unknown command.
Unknown command.
The slave is engulfed in poison gas.
The slave looks even sicker.
The slave is engulfed in poison gas.
The slave looks as sick as possible!
The slave is engulfed in poison gas.
The slave looks as sick as possible!
Unknown command.
The slave is engulfed in poison gas.
The slave looks as sick as possible!
You kill the slave!
That felt strangely unrewarding.
Duvessa is engulfed in poison gas.
Duvessa is poisoned.
The slave is engulfed in poison gas.
The slave looks as sick as possible!
You kill the slave!
That felt strangely unrewarding.
You kill the slave!
That felt strangely unrewarding.
Pikel zaps a wand.
You are blasted!
Ouch! That really hurt!
You die...

######'# ......p#
......e# .......#
.....p.# .....pK#
.......+
.......#############
......p'§e§§.[K.@..#
.......###########.#
..##.##.. #.# ## ..
#.##.# # #.# . ..
#.##.# #.#.#.#
####.##'#### #.#.#.##
..........[# #......#
...........#######.####
...........'..........#


You could see Pikel and Duvessa.

Vanquished Creatures
  3 slaves (D:4)
  4 gnolls (D:3)
  2 adders
  An adder zombie (D:4)
  A worm (D:4)
  A dart slug (D:1)
  A leopard gecko (D:5)
  An orc (D:3)
  3 hobgoblins (D:1)
  2 jackals (D:3)
  2 kobolds (D:1)
  A bat (D:2)
  2 rats (D:1)
24 creatures vanquished.

Notes
Turn   | Place    | Note
-------+----------+-------------------------------------------
     0 | D:1      | 4thArraOfDagon the Mummy Fire Elementalist began the quest for the Orb.
     0 | D:1      | Reached XP level 1. HP: 13/13 MP: 4/4
    68 | D:1      | Reached skill level 1 in Conjurations
    90 | D:1      | Reached XP level 2. HP: 15/19 MP: 0/5
   353 | D:3      | Reached XP level 3. HP: 4/24 MP: 1/7
   358 | D:3      | Learned a level 3 spell: Conjure Flame
   628 | D:3      | Found a hazy altar of Hepliaklqana.
   917 | D:5      | Entered Level 5 of the Dungeon
   920 | D:6      | Noticed a sky beast
   935 | D:5      | Reached XP level 4. HP: 23/30 MP: 5/9
   949 | D:4      | Learned a level 4 spell: Sticky Flame
  1118 | D:4      | Noticed Pikel
  1118 | D:4      | Noticed a slave
  1118 | D:4      | Noticed a slave
  1119 | D:4      | Noticed a slave
  1119 | D:4      | Noticed a slave
  1119 | D:4      | Noticed Dowan
  1119 | D:4      | Noticed Duvessa
  1147 | D:4      | Killed a slave
  1147 | D:4      | Killed a slave
  1148 | D:4      | Killed a slave
  1148 | D:4      | Blown up by Pikel

Vault maps used:
D:1:      lemuel_arrival_rhombus, minmay_surrounded
D:2:      cheibrodos_pilgrimage, kiku_gazebo_garden_becter,
          grunt_temple_overflow_open, first_ration
D:3:      lemuel_doored_altar, kennysheep_boxes, uniq_sigmund
D:4:      kennysheep_mini_moat, uniq_duvessa, uniq_pikel, uniq_natasha,
          uniq_edmund
D:5:      uniq_blork_the_orc, uniq_menkaure
D:6:      overflow_temple_1_default, serial_shops, shop, uniq_eustachio

Skill      XL: |  1  2  3 |
---------------+----------+-----
Conjurations   | 1 2 |  2.1
Spellcasting   | 3 |  3.4
Fire Magic     | 3 |  3.2
Dodging        | |  1.5
Stealth        | |  1.5

Action                   |  1- 3 |  4- 6 || total
-------------------------+-------+-------++-------
Melee: Unarmed           |     1 |       ||     1
       Dagger            |    12 |     1 ||    13
 Cast: Flame Tongue      |    37 |    15 ||    52
Evoke: Wand              |       |     1 ||     1
  Use: Scroll            |     2 |       ||     2
Armor: Robe              |     5 |     1 ||     6
Dodge: Dodged            |    15 |     6 ||    21

Table legend:
 A = Spawn XP
 B = Non-spawn XP
 C = Spawn XP percentage of total XP
 D = Spawn monster count
 E = Non-spawn monster count
 F = Spawn count percentage of total count
 G = Total turns spent on level
                    A         B        C        D         E        F      G
               +---------+---------+-------+---------+---------+-------+---------
         Total |       0 |     122 |   0.0 |       0 |      21 |   0.0 |  1148
               +---------+---------+-------+---------+---------+-------+---------
           D:1 |       0 |      16 |   0.0 |       0 |       8 |   0.0 |   143
           D:2 |       0 |       1 |   0.0 |       0 |       1 |   0.0 |    54
           D:3 |       0 |      64 |   0.0 |       0 |       7 |   0.0 |   528
           D:4 |       0 |      25 |   0.0 |       0 |       3 |   0.0 |   397
           D:5 |       0 |      16 |   0.0 |       0 |       2 |   0.0 |    24
               +---------+---------+-------+---------+---------+-------+---------
